 Dungeon Crawl Stone Soup version 0.30-a0-830-gfe289a77b0 (webtiles) character file.

Game seed: 5817212340562737540

5503 cforsyth the Covert (level 11, -5/69 HPs)
             Began as a Kobold Brigand on Feb 28, 2023.
             Was the Champion of Uskayaw.
             Slain by a wraith (10 damage)
             ... on level 10 of the Dungeon.
             The game lasted 00:12:47 (11298 turns).

cforsyth the Covert (Kobold Brigand)               Turns: 11298, Time: 00:12:47

Health: -5/69      AC:  9    Str:  9    XL:     11   Next: 1%
Magic:  11/11      EV: 18    Int: 12    God:    Uskayaw [******]
Gold:   866        SH:  0    Dex: 21    Spells: 10/10 levels left

rFire   . . .      SeeInvis .    A - +2 rapier (venom)
rCold   + . .      Faith    .    (no shield)
rNeg    . . .      Spirit   .    H - +1 ring mail of the Good {rC+}
rPois   .          Reflect  .    C - +0 helmet
rElec   .          Harm     .    c - +0 cloak
rCorr   .          Rampage  .    k - +0 pair of gloves
Will    .....                    (no boots)
Stlth   ++++++                   (no amulet)
HPRegen 0.31/turn                (no ring)
MPRegen 0.12/turn                (no ring)

@: mighty, slowed, very slow
A: small, no large weapons, nightstalker 3
a: Renounce Religion, Stomp, Line Pass, Grand Finale


You were on level 10 of the Dungeon.
You worshipped Uskayaw.
Uskayaw was noncommittal.
You visited 1 branch of the dungeon, and saw 10 of its levels.

You collected 1048 gold pieces.
You spent 182 gold pieces at shops.

Inventory:

Hand Weapons
 a - a +2 dagger
 A - a +2 rapier of venom (weapon)
Missiles
 d - 27 poisoned darts (quivered)
 e - 3 curare-tipped darts
 z - 2 throwing nets
 I - 6 atropa-tipped darts
Armour
 b - a +0 robe
 c - a +0 cloak (worn)
 k - a +0 pair of gloves (worn)
 B - a +1 robe of willpower
 C - a +0 helmet (worn)
 H - the +1 ring mail of the Good (worn) {rC+}
   (You found it on level 6 of the Dungeon)

   rC:        It protects you from cold.
Jewellery
 y - a ring of wizardry
 G - a ring of protection from fire
Scrolls
 g - a scroll of vulnerability {unknown}
 i - a scroll of poison
 j - 3 scrolls of teleportation
 n - a scroll of immolation
 s - 2 scrolls of summoning
 v - 3 scrolls of fear
 D - a scroll of magic mapping
 E - a scroll of silence
Potions
 f - 2 potions of attraction
 h - a potion of ambrosia
 l - a potion of haste
 m - 2 potions of mutation
 o - 3 potions of curing
 p - 2 potions of resistance
 r - 3 potions of flight
 t - 4 potions of lignification
 u - a potion of cancellation
 w - a potion of invisibility


   Skills:
 + Level 8.9 Fighting
 + Level 10.6 Short Blades
 - Level 2.1 Throwing
 + Level 9.4 Dodging
 + Level 12.2 Stealth


You had 10 spell levels left.
You didn't know any spells.
Your spell library contained the following spells:

 Spells                   Type           Power      Damage    Failure   Level
 Foxfire                  Conj/Fire      0%         2x1d4     67%         1
 Shock                    Conj/Air       0%         1d3       67%         1
 Sting                    Tmut/Pois      0%         1d3       67%         1
 Gell's Gravitas          Tloc           0%         N/A       95%         3
 Inner Flame              Hex/Fire       0%         N/A       95%         3
 Swiftness                Air            0%         N/A       95%         3
 Teleport Other           Tloc           0%         N/A       95%         3
 Airstrike                Air            0%         2d(0-16)  100%        4
 Dispersal                Tloc           0%         N/A       100%        6
 Dragon Form              Tmut           0%         N/A       100%        7
 Necromutation            Tmut/Necr      0%         N/A       100%        8


Dungeon Overview and Level Annotations

Branches:
Dungeon (10/15)            Temple (0/1) D:7            Lair (0/5) D:9
    Orc: D:9-12

Altars:
Cheibriados
Fedhas
Gozag
Okawaru
Ru
Trog
Uskayaw

Shops:
D:4 (   D:5 =

Annotations:
D:8 2 transporters


Innate Abilities, Weirdness & Mutations

You are small and have problems with some larger weapons.
You are completely attuned to the shadows.


Message History

The wraith is lightly damaged.
The wraith misses you.
You hit the wraith.
The wraith is moderately damaged.
The wraith misses you.
You barely miss the wraith.
The wraith is moderately damaged.
The wraith hits you!
* * * LOW HITPOINT WARNING * * *
You closely miss the wraith.
The wraith is moderately damaged.
The wraith barely misses you.
You hit the wraith but do no damage.
The wraith is moderately damaged.
The wraith misses you.
You hit the wraith.
The wraith is moderately damaged.
The wraith barely misses you.
You barely miss the wraith.
The wraith is moderately damaged.
The wraith hits you!
* * * LOW HITPOINT WARNING * * *
The wraith drains your vigour!
You feel as though you will be slow longer.
You hit the wraith but do no damage.
The wraith is moderately damaged.
The wraith closely misses you.
You closely miss the wraith.
The wraith is moderately damaged.
The wraith closely misses you.
You feel very mighty all of a sudden. The wraith hits you.
* * * LOW HITPOINT WARNING * * *
You barely miss the wraith.
The wraith is moderately damaged.
The wraith misses you.
You hit the wraith.
The wraith is moderately damaged.
The wraith hits you!
You die...

..#..## #..#...# #......#
.#..#...# ...)†#..##
...W@)...## #...).....##
#..?..#....# ......##...#
.................###
.....................#
##......................
###...##..................
#.....##.............#....


You could see a wraith.

Vanquished Creatures
  A two-headed ogre (D:9)
  A cyclops (D:8)
  A manticore (D:10)
  Psyche (D:9)
  A troll (D:9)
  Sigmund (D:5)
  2 wyverns
  5 yaks (D:10)
  A water moccasin (D:7)
  2 ice beasts
  2 sky beasts
  3 orc warriors
  2 black bears
  An ogre (D:6)
  2 centaurs
  2 phantoms
  2 bullfrogs (D:6)
  2 scorpions
  3 wights (D:6)
  2 howler monkeys
  2 hounds
  An orc priest (D:7)
  5 iguanas
  8 orc wizards
  14 gnolls
  8 adders
  An ufetubus (D:5)
  2 worms
  8 dart slugs
  25 orcs
  12 bats
  6 endoplasms
  5 giant cockroaches
  7 goblins
  5 hobgoblins
  10 jackals
  4 kobolds
  4 quokkas
  4 ball pythons
  5 frilled lizards
  9 rats
182 creatures vanquished.

Notes
Turn   | Place    | Note
-------+----------+-------------------------------------------
     0 | D:1      | cforsyth the Kobold Brigand began the quest for the Orb.
     0 | D:1      | Reached XP level 1. HP: 12/12 MP: 1/1
   225 | D:1      | Reached XP level 2. HP: 13/18 MP: 2/2
   434 | D:1      | Reached XP level 3. HP: 22/22 MP: 3/3
   553 | D:1      | Found a faded altar of an unknown god.
  1068 | D:2      | Reached XP level 4. HP: 21/27 MP: 4/4
  1369 | D:2      | Found an iron altar of Okawaru.
  1644 | D:2      | Reached skill level 6 in Stealth
  1884 | D:3      | Reached XP level 5. HP: 31/32 MP: 5/5
  2324 | D:3      | Got the Omnibus of Comburant Transmigration
  2388 | D:3      | HP: 1/32 [iguana (4)]
  3100 | D:4      | Found Kahousie's Antique Weapon Shoppe.
  3202 | D:3      | Reached XP level 6. HP: 32/38 MP: 6/6
  4392 | D:4      | Reached skill level 5 in Short Blades
  4392 | D:4      | Reached skill level 7 in Stealth
  4392 | D:4      | Reached XP level 7. HP: 43/43 MP: 7/7
  4464 | D:5      | Entered Level 5 of the Dungeon
  4464 | D:5      | Noticed Sigmund
  4468 | D:5      | Killed Sigmund
  4585 | D:5      | Found Orysakit's Jewellery Shop.
  5402 | D:5      | Reached skill level 5 in Fighting
  5402 | D:5      | Reached skill level 5 in Dodging
  5402 | D:5      | Reached skill level 8 in Stealth
  5402 | D:5      | Reached XP level 8. HP: 49/49 MP: 8/8
  6208 | D:4      | Bought a glowing rapier for 182 gold pieces
  6680 | D:6      | Noticed a wyvern
  6684 | D:6      | Killed a wyvern
  6695 | D:6      | Found a snail-covered altar of Cheibriados.
  6695 | D:6      | Found a blossoming altar of Fedhas.
  6706 | D:6      | Found a sacrificial altar of Ru.
  6709 | D:6      | Found a bloodstained altar of Trog.
  6742 | D:6      | Found a hide-covered altar of Uskayaw.
  6743 | D:6      | Found an opulent altar of Gozag.
  6747 | D:6      | Became a worshipper of Uskayaw the Reveller
  6762 | D:6      | Reached * piety under Uskayaw
  6766 | D:6      | Reached ** piety under Uskayaw
  6767 | D:6      | Reached skill level 9 in Stealth
  6854 | D:6      | Identified the +1 ring mail of the Good {rC+}
  6968 | D:6      | Reached XP level 9. HP: 55/55 MP: 9/9
  7888 | D:6      | Found an opulent altar of Gozag.
  7890 | D:6      | Found a hide-covered altar of Uskayaw.
  8123 | D:6      | Reached *** piety under Uskayaw
  8580 | D:6      | Found a snail-covered altar of Cheibriados.
  8581 | D:6      | Found a blossoming altar of Fedhas.
  8583 | D:6      | Found a sacrificial altar of Ru.
  8586 | D:6      | Found a bloodstained altar of Trog.
  8846 | D:7      | Reached skill level 10 in Stealth
  9023 | D:7      | Found a staircase to the Ecumenical Temple.
  9481 | D:8      | Noticed a kobold demonologist
  9526 | D:8      | Found a transporter.
  9550 | D:8      | Identified the +9 mace "Cukle" {heavy, *Noise rF+ Str+3
                  | Stlth+}
  9605 | D:8      | HP: 2/57 [orc/+0 club (3)]
  9942 | D:8      | Noticed a cyclops
  9946 | D:8      | Killed a cyclops
  9947 | D:8      | Reached XP level 10. HP: 63/63 MP: 10/10
 10009 | D:8      | Found a transporter.
 10297 | D:9      | Reached skill level 11 in Stealth
 10539 | D:9      | Noticed Psyche
 10545 | D:9      | Killed Psyche
 10860 | D:9      | Noticed a two-headed ogre
 10871 | D:9      | Killed a two-headed ogre
 10872 | D:9      | Reached skill level 10 in Short Blades
 11067 | D:9      | Found a staircase to the Lair.
 11081 | D:10     | Entered Level 10 of the Dungeon
 11081 | D:10     | Noticed a manticore
 11085 | D:10     | Killed a manticore
 11092 | D:10     | Identified a scroll of acquirement
 11094 | D:10     | Acquired 416 gold pieces
 11256 | D:10     | Reached skill level 12 in Stealth
 11256 | D:10     | Reached **** piety under Uskayaw
 11263 | D:10     | Reached ***** piety under Uskayaw
 11278 | D:10     | Reached ****** piety under Uskayaw
 11283 | D:10     | Reached XP level 11. HP: 33/69 MP: 11/11
 11298 | D:10     | Slain by a wraith

Illustrated notes

Levels and vault maps discovered:
D:1:      dpeg_arrival_boxorama, layout_loops_ring,
          hellmonk_ecumenical_altar_inner_sanctum, glass_columns_c,
          dreamdust_princess_bridge
D:2:      layout_loops_ring, basic_altar
D:3:      wad_crossroads, layout_basic
D:4:      layout_cave_pods, serial_shops, shop
D:5:      layout_basic, serial_shops, shop, roderic_batcave, item_on_display_a,
          uniq_sigmund
D:6:      layout_loops_ring, grunt_temple_overflow_open,
          kennysheep_pointless_box
D:7:      layout_rooms, minmay_temple_entry_offerings
D:8:      gammafunk_wand_slinger, layout_rooms
D:9:      layout_loops_ring, lair_entry_dummy, uniq_psyche, uniq_gastronok
D:10:     layout_cave_pools, serial_bayou, serial_bayou_pond_c,
          serial_bayou_lagoon_b, serial_bayou_pond_c, serial_bayou_shore_b,
          grunt_livestock, minmay_fractal_squares_diagonal_5

Skill      XL: |  1  2  3  4  5  6  7  8  9 10 |
---------------+-------------------------------+-----
Short Blades   | 3 4 5 6 7 9 10 | 10.6
Dodging        | 2 3 4 5 6 8 9 |  9.4
Fighting       | 3 4 5 6 7 8 |  8.9
Stealth        | 6 7 8 9 10 12 | 12.2
Throwing       | |  2.1

Action                     |  1- 3 |  4- 6 |  7- 9 | 10-12 || total
---------------------------+-------+-------+-------+-------++-------
  Melee: Dagger            |    90 |   250 |   202 |       ||   542
         Punch             |       |     2 |     3 |     2 ||     7
         Rapier            |       |       |   118 |   100 ||   218
  Evoke: Wand              |       |       |       |     3 ||     3
    Use: Scroll            |       |     7 |     8 |     7 ||    22
         Potion            |       |     1 |     1 |     2 ||     4
   Stab: Sleeping          |    18 |    23 |    22 |     4 ||    67
         Distracted        |       |     1 |     2 |     1 ||     4
         Paralysed         |       |       |     1 |     4 ||     5
 Armour: Robe              |    21 |    26 |    33 |       ||    80
         Ring mail         |       |       |    27 |     8 ||    35
  Dodge: Dodged            |    43 |   156 |   279 |    77 ||   555

Table legend: (Time is in decaauts)
 A = Elapsed time spent in this place.
 B = Non-inter-level travel time spent in this place.
 C = Inter-level travel time spent in this place.
 D = Time resting spent in this place.
 E = Time spent auto-exploring this place.
 F = Levels seen in this place.
 G = Mean time per level.
                   A        B        C        D        E       F      G
               +--------+--------+--------+--------+--------+-----+--------+
         Total |  11144 |  10553 |    591 |   2124 |   6812 |  10 | 1114.4 |
       Dungeon |  11144 |  10553 |    591 |   2124 |   6812 |  10 | 1114.4 |
               +--------+--------+--------+--------+--------+-----+--------+

Top non-repeatable levels by time:
     D:6: 2366 daAuts
     D:4: 1584 daAuts
     D:3: 1467 daAuts
     D:5: 1241 daAuts
     D:1: 1036 daAuts
     D:2: 972 daAuts
     D:7: 919 daAuts
     D:9: 840 daAuts
     D:8: 510 daAuts
    D:10: 205 daAuts
